 Dungeon Crawl Stone Soup version 0.32-a0-475-g46bb8dd (webtiles) character file.

Game seed: 18114215899885621706

1904 Remcycle the Cleaver (level 9, -8/64 HPs)
             Began as a Formicid Fighter on Feb 25, 2024.
             Was a Follower of Cheibriados.
             Mangled by an ogre
             ... wielding a +0 giant club
              (11 damage)
             ... on level 6 of the Dungeon.
             The game lasted 00:11:24 (5128 turns).

Remcycle the Cleaver (Formicid Fighter)             Turns: 5128, Time: 00:11:25

Health: -8/64      AC: 14    Str: 31    XL:     9   Next: 38%
Magic:  9/9        EV: 10    Int: 11    God:    Cheibriados [*.....]
Gold:   212        SH:  6    Dex: 18    Spells: 8/8 levels left

rFire   . . .        a - +1 war axe
rCold   . . .        c - +1 buckler
rNeg    . . .        b - +0 scale mail
rPois   .            (helmet unavailable)
rElec   .            (no cloak)
rCorr   .            (no gloves)
SInv    +            k - +2 pair of boots
Will    .....        (no amulet) Stlth
                     q - ring of Epraof {Str+5 SInv}
HPRegen 0.30/turn    s - +4 ring of protection
MPRegen 0.11/turn

%: no passive effects
@: weak-willed, very slow
A: permanent stasis, dig shafts and tunnels, antennae 3, four strong arms
a: Dig, Shaft Self, Renounce Religion, Bend Time


You were on level 6 of the Dungeon.
You worshipped Cheibriados.
Cheibriados was aware of your devotion.
You visited 2 branches of the dungeon, and saw 7 of its levels.

You collected 296 gold pieces.
You spent 84 gold pieces at shops.

Inventory:

Hand Weapons
 a - a +1 war axe (weapon)
Missiles
 g - a throwing net
Armour
 b - a +0 scale mail (worn)
 c - a +1 buckler (worn)
 k - a +2 pair of boots (worn)
Jewellery
 q - the ring of Epraof (left hand) {Str+5 SInv}
   (You found it on level 3 of the Dungeon)

   [ring of see invisible]

   Str+5:     It affects your strength (+5).
   SInv:      It lets you see invisible.
 s - a +4 ring of protection (right hand)
Scrolls
 i - a scroll of enchant armour
Potions
 d - 3 potions of might
 e - 8 potions of curing
 f - 2 potions of brilliance
 h - a potion of heal wounds
 n - 2 potions of resistance
 o - a potion of ambrosia {unknown}


   Skills:
 - Level 3.2 Fighting
 + Level 11.7 Axes
 - Level 3.2 Armour
 - Level 4.0 Shields


You had 8 spell levels left.
You didn't know any spells.
Your spell library contained the following spells:

 Spells                   Type           Power      Damage    Failure   Level
 Apportation              Tloc           0%         N/A       63%         1
 Necrotise                Necr           0%         1d4       63%         1
 Shock                    Conj/Air       0%         1d3       63%         1
 Slow                     Hex            0%         N/A       63%         1
 Sting                    Conj/Alch      0%         1d3       63%         1
 Summon Small Mammal      Summ           0%         N/A       63%         1
 Mercury Vapours          Alch/Air       0%         N/A       77%         2
 Confusing Touch          Hex            0%         N/A       94%         3
 Sigil of Binding         Hex            0%         N/A       94%         3
 Stone Arrow              Conj/Erth      0%         3d7       94%         3
 Vampiric Draining        Necr           0%         2d6       94%         3
 Airstrike                Air            0%         2d(0-16)  100%        4
 Olgreb's Toxic Radiance  Alch           0%         N/A       100%        4
 Spellforged Servitor     Conj/Summ      0%         N/A       100%        7
 Fire Storm               Conj/Fire      0%         5d1       100%        9
 Swiftness                Air            Unusable   N/A       N/A         3

Dungeon Overview and Level Annotations

Branches:
Dungeon (6/15)             Temple (1/1) D:4

Altars:
Ashenzari
Cheibriados
Dithmenos
Elyvilon
Hepliaklqana
Kikubaaqudgha
Nemelex Xobeh
Okawaru
Sif Muna
Uskayaw
Vehumet
Xom
Yredelemnul
Zin
The Shining One

Shops:
D:3 ?

Annotations:
D:5 4 runed translucent doors


Innate Abilities, Weirdness & Mutations

You cannot be hasted, slowed, berserked, paralysed or teleported.
You can dig through walls and to a lower floor.
You have a pair of large antennae on your head. (SInv)
Your four strong arms can wield two-handed weapons with a shield.


Message History

Your body is wracked with pain!
It was a scroll of torment.
As you read the scroll labelled OXTAOT FIRCHAU, it crumbles to dust.
It is a scroll of enchant weapon.
Your +0 war axe glows red for a moment.
As you read the scroll labelled ONAFREMINO, it crumbles to dust.
A wave of despondency washes over your surroundings.
It was a scroll of vulnerability.
Okay, then.
An ogre comes into view. It is wielding a +0 giant club.
The ogre shouts!
You block the ogre's attack.
You slash the ogre!
The ogre is heavily wounded.
You slice the ogre!!
You kill the ogre!
Cheibriados appreciates the change of pace.
No target in view!
You sense a monster nearby.
No target in view!
An ogre comes into view. It is wielding a +0 giant club.
The ogre shouts!
Things that are here:
a +0 giant club; an ogre corpse The ogre hits you with a +0 giant club!!
You are too injured to fight recklessly!
You are too injured to fight recklessly!
You are too injured to fight recklessly!
You are too injured to fight recklessly!
You hit the ogre.
The ogre is lightly wounded.
You completely miss the ogre.
The ogre is lightly wounded.
The ogre hits you with a +0 giant club!!
* * * LOW HITPOINT WARNING * * *
The ogre attacks as it pursues you! You block the ogre's attack.
Things that are here:
a +0 giant club; an ogre corpse The ogre hits you with a +0 giant club!
You die...
Cheibriados appreciates the motionlessness of death.

.........# .#
#.......+ .#
#.....$.# #.#
#.......#+#?#
#.........#
###.#)....#
...+.....#
#.#.#..O..#
#.#.#...@.# .
#.#....<# .
#.#.........+
..
#.###########


You could see an ogre.

Vanquished Creatures
  Sigmund (D:2)
  A water moccasin (D:5)
  An orc warrior (D:5)
  4 black bears (D:5)
  2 ogres
  A centaur (D:5)
  2 phantoms (D:5)
  3 scorpions (D:5)
  2 bombardier beetles
  3 orc priests
  A gnoll bouda (D:4)
  A jelly (D:5)
  2 hounds (D:5)
  2 sleepcaps
  An orc wizard (D:4)
  11 gnolls
  4 adders
  A shadow imp (D:5)
  A white imp (D:5)
  3 ufetubi (D:5)
  5 ribbon worms
  A dart slug (D:5)
  9 orcs
  6 bats
  5 endoplasms
  6 goblins
  5 hobgoblins
  2 jackals (D:2)
  4 quokkas
  13 ball pythons
  4 frilled lizards
  7 kobolds
  5 rats
119 creatures vanquished.

Notes
Turn   | Place    | Note
-------+----------+-------------------------------------------
     0 | D:1      | Remcycle the Formicid Fighter began the quest for the Orb.
     0 | D:1      | Reached XP level 1. HP: 18/18 MP: 1/1
    84 | D:1      | Reached XP level 2. HP: 24/24 MP: 2/2
   117 | D:1      | Reached skill level 3 in Axes
   117 | D:1      | Reached XP level 3. HP: 6/29 MP: 3/3
   779 | D:2      | Noticed Sigmund
   787 | D:2      | Killed Sigmund
   788 | D:2      | Reached skill level 5 in Axes
   788 | D:2      | Reached XP level 4. HP: 30/35 MP: 4/4
   788 | D:2      | Reached XP level 5. HP: 35/41 MP: 5/5
   788 | D:2      | Reached XP level 6. HP: 40/47 MP: 6/6
  1483 | D:2      | Reached skill level 6 in Axes
  2126 | D:3      | Identified the ring of Epraof {Str+5 SInv}
  2150 | D:3      | Found a glowing silver altar of Zin.
  2151 | D:3      | Noticed an angel
  2245 | D:3      | Identified the +3 orcbow "Plog" {flame, ^Contam rF++ SInv}
  2305 | D:3      | Found Zousuol's Magic Scroll Shop.
  2316 | D:3      | Bought a scroll of identify for 28 gold pieces
  2316 | D:3      | Bought a scroll of identify for 28 gold pieces
  2316 | D:3      | Bought a scroll of identify for 28 gold pieces
  2362 | D:3      | Found an ancient bone altar of Kikubaaqudgha.
  3099 | D:4      | Reached XP level 7. HP: 45/52 MP: 7/7
  3100 | D:4      | Reached skill level 7 in Axes
  3358 | D:4      | Found a staircase to the Ecumenical Temple.
  3376 | Temple   | Entered the Ecumenical Temple
  3381 | Temple   | Became a worshipper of Cheibriados the Contemplative
  3698 | D:4      | Found a sparkling altar of Nemelex Xobeh.
  3946 | D:4      | Found a shimmering blue altar of Sif Muna.
  4049 | D:5      | Entered Level 5 of the Dungeon
  4056 | D:5      | Reached skill level 8 in Axes
  4061 | D:5      | Reached XP level 8. HP: 45/58 MP: 8/8
  4175 | D:5      | Reached skill level 9 in Axes
  4479 | D:5      | Reached * piety under Cheibriados
  4696 | D:5      | Reached skill level 10 in Axes
  4714 | D:5      | Found a large runed translucent door.
  4715 | D:5      | Found a large runed translucent door.
  4747 | D:5      | Noticed an unseen horror
  4785 | D:5      | Reached XP level 9. HP: 57/64 MP: 9/9
  4883 | D:5      | Got Qikeu's Grimoire of Blasts
  4913 | D:5      | Reached skill level 11 in Axes
  4934 | D:5      | Found a large runed translucent door.
  4934 | D:5      | Found a large runed translucent door.
  5124 | D:6      | HP: 1/64 [ogre/+0 giant club (19)]
  5128 | D:6      | Mangled by an ogre

Illustrated notes

Levels and vault maps discovered:
D:1:      minmay_arrival_shattered_statue, layout_basic
D:2:      layout_basic, uniq_sigmund
D:3:      layout_basic, zin_angel, mainiacjoe_overflow_small_starburst,
          serial_shops, shop
D:4:      layout_loops_ring, hellmonk_sif_muna_bookshelves,
          nemelex_xobeh_ov_fountains_minmay, minmay_temple_entry_large_hall,
          serial_library_hellmonk_u_bend, minivault_11, st_stairs_7,
          dreamdust_mushroom_princess
D:5:      layout_cave_pools, chequers_serial_rivers_micro_c,
          minmay_hollow_rounded_squares
D:6:      layout_basic, nicolae_overflow_hidden_temple, uniq_prince_ribbit1,
          uniq_edmund, uniq_duvessa
Temple:   minmay_freezing_vapour_temple

Skill      XL: |  1  2  3  4  5  6  7  8  9 |
---------------+----------------------------+-----
Axes           | 3 5 6 8 10 11 | 11.7
Fighting       | |  3.2
Armour         | |  3.2
Shields        | |  4.0

Action                     |  1- 3 |  4- 6 |  7- 9 || total
---------------------------+-------+-------+-------++-------
  Melee: War axe           |    76 |   134 |   181 ||   391
    Use: Scroll            |       |    10 |     5 ||    15
         Potion            |       |       |     1 ||     1
 Armour: Scale mail        |    66 |    79 |   146 ||   291
  Dodge: Dodged            |    42 |    67 |    79 ||   188
  Block: Buckler           |    30 |    29 |    59 ||   118

Table legend: (Time is in decaauts)
 A = Elapsed time spent in this place.
 B = Non-inter-level travel time spent in this place.
 C = Inter-level travel time spent in this place.
 D = Time resting spent in this place.
 E = Time spent auto-exploring this place.
 F = Levels seen in this place.
 G = Mean time per level.
                   A        B        C        D        E       F      G
               +--------+--------+--------+--------+--------+-----+--------+
         Total |   5528 |   5276 |    252 |    119 |   4193 |   7 |  789.7 |
       Dungeon |   5516 |   5269 |    247 |    119 |   4193 |   6 |  919.3 |
        Temple |     11 |      6 |      5 |      0 |      0 |   1 |   11.0 |
               +--------+--------+--------+--------+--------+-----+--------+

Top non-repeatable levels by time:
     D:2: 1273 daAuts
     D:4: 1251 daAuts
     D:5: 1242 daAuts
     D:3: 969 daAuts
     D:1: 754 daAuts
     D:6: 25 daAuts
  Temple: 11 daAuts
